 Dungeon Crawl Stone Soup version 0.23-a0-451-g1044d4c (webtiles) character file.

42 emperorscorpion the Chiller (level 3, 18/19 HPs)
             Began as a Deep Elf Ice Elementalist on Nov 2, 2018.
             Quit the game on level 2 of the Dungeon on Nov 22, 2018.
             The game lasted 00:02:32 (1216 turns).

emperorscorpion the Chiller (DEIE)                  Turns: 1216, Time: 00:02:33

Health: 18/19      AC:  2    Str:  5    XL:     3   Next: 33%
Magic:  5/10       EV: 13    Int: 19    God:
Gold:   95         SH:  0    Dex: 16    Spells: 8/9 levels left

rFire    . . .     SeeInvis .   a - +4 mace
rCold    . . .     Gourm    .   (no shield)
rNeg     . . .     Faith    .   b - +0 robe
rPois    .         Spirit   .   (no helmet)
rElec    .         Reflect  .   (no cloak)
rCorr    .         Harm     .   (no gloves)
MR       .....                  (no boots)
Stlth    ++........             (no amulet)
HPRegen  0.06/turn              (no ring)
MPRegen  0.12/turn              (no ring)

@: no status effects
A: no striking features
a: no special abilities


You were on level 2 of the Dungeon.
You were not hungry.

You visited 1 branch of the dungeon, and saw 2 of its levels.

You collected 95 gold pieces.

Inventory:

Hand Weapons
 a - a +4 mace (weapon)
Missiles
 f - 7 tomahawks (quivered)
Armour
 b - a +0 robe (worn)
Scrolls
 e - a scroll of blinking {unknown}
Comestibles
 c - 2 rations
 d - a chunk of flesh


   Skills:
 + Level 0.1 Fighting
 + Level 2.7 Dodging
 + Level 2.9 Stealth
 + Level 3.8 Spellcasting
   Level 1.1 Conjurations
 + Level 4.1 Ice Magic


You had 8 spell levels left.
You knew the following spells:

 Your Spells              Type           Power        Failure   Level  Hunger
a - Freeze                Ice            ###.         2%          1    None

Your spell library contained the following spells:

 Spells                   Type           Power        Failure   Level  Hunger
 Throw Frost              Conj/Ice       ##....       8%          2    ##.....
 Ozocubu's Armour         Chrm/Ice       ##......     19%         3    ###....
 Throw Icicle             Conj/Ice       ##......     43%         4    ####...
 Summon Ice Beast         Ice/Summ       ##......     52%         4    ####...


Dungeon Overview and Level Annotations

Branches:
Dungeon (2/15)

Altars:


Message History

Press: ? - help, Shift-Dir - straight line, f - jackal
Aim: a jackal You freeze the jackal.
The jackal is moderately wounded.
The jackal bites you but does no damage.
The jackal barely misses you.
Casting: Freeze (safe; 2% risk of failure)
Confirm with . or Enter, or press ? or * to list all spells.
Aiming: Freeze (safe; 2% risk of failure)
Press: ? - help, Shift-Dir - straight line, f/p - jackal
Aim: a jackal (moderately wounded)
You freeze the jackal.
You kill the jackal!
Casting: Freeze (safe; 2% risk of failure)
Confirm with . or Enter, or press ? or * to list all spells.
You can't see any susceptible monsters within range! (Use Z to cast anyway.) Saving game... please wait.
Welcome back, emperorscorpion the Deep Elf Ice Elementalist.
Press ? for a list of commands and other information.
Are you sure you want to abandon this character and quit the game? (Confirm

♣♣#### .♣
♣♣.....##
.$♣♣♣.......##
...♣...≈≈≈...#
≈.....≈≈≈≈≈..##
≈.....≈≈♣≈≈...#
≈.....≈≈≈≈≈.).#
♣..†≈≈≈....#
♣..@....#.#
♣♣.....##.########
♣♣..####........#
##.. ###.####...#
.#.# #.# . .. .#
#.# ... .# #.#
..<. .# #<#
#.........#


There were no monsters in sight!

Vanquished Creatures
  A leopard gecko (D:1)
  2 giant cockroaches (D:1)
  5 goblins (D:1)
  7 hobgoblins
  8 jackals
  A ball python (D:1)
  4 bats
  3 kobolds
  3 rats (D:1)
34 creatures vanquished.

Notes
Turn   | Place    | Note
-------+----------+-------------------------------------------
     0 | D:1      | emperorscorpion the Deep Elf Ice Elementalist began the
                  | quest for the Orb.
     0 | D:1      | Reached XP level 1. HP: 10/10 MP: 6/6
   483 | D:1      | Reached XP level 2. HP: 14/15 MP: 4/8
   920 | D:1      | Reached XP level 3. HP: 19/19 MP: 7/10
   996 | D:1      | Reached skill level 4 in Ice Magic
  1216 | D:2      | Upgraded the game from 0.23-a0-396-g5214e5f to
                  | 0.23-a0-451-g1044d4c
  1216 | D:2      | Quit the game

Vault maps used:
D:1:      lemuel_arrival_muddy
D:2:      old_standard_altar, lemuel_round_altar, elyvilon_altar_3,
          uniq_crazy_yiuf_cottage

Skill      XL: |  1  2  3 |
---------------+----------+-----
Ice Magic      | 4 |  4.1
Fighting       | |  0.1
Dodging        | |  2.7
Stealth        | |  2.9
Spellcasting   | |  3.8
Conjurations   | |  1.1

Action                   || total
-------------------------++-------
Melee: Mace              ||     9
 Cast: Freeze            ||    46
  Use: Scroll            ||     1
  Eat: Chunk             ||     1
Armor: Robe              ||    11
Dodge: Dodged            ||    49

Table legend:
 A = Non-vault XP
 B = Vault XP
 C = Vault XP percentage of total XP
 D = Non-vault monster count
 E = Vault monster count
 F = Vault count percentage of total count
                 A         B        C        D         E       F
            +---------+---------+-------+---------+---------+-------
      Total |      60 |       0 |   0.0 |      34 |       0 |   0.0
            +---------+---------+-------+---------+---------+-------
        D:1 |      47 |       0 |   0.0 |      27 |       0 |   0.0
        D:2 |      13 |       0 |   0.0 |       7 |       0 |   0.0
            +---------+---------+-------+---------+---------+-------
